 Dungeon Crawl Stone Soup version 0.18.1-48-g4cf74bf (webtiles) character file.

2767 Inkary the Protected (level 9, -10/121 HPs)
             Began as a Minotaur Fighter on July 22, 2016.
             Was a Believer of Makhleb.
             Mangled by an ice devil (22 damage)
             ... summoned by an obsidian statue
             ... on level 8 of the Dungeon.
             The game lasted 00:31:28 (5919 turns).

Inkary the Protected (Minotaur Fighter)             Turns: 5919, Time: 00:31:31

Health: -10/121    AC: 24    Str: 23    XL:     9   Next: 42%
Magic:  11/11      EV:  2    Int:  5    God:    Makhleb [**....]
Gold:   146        SH: 11    Dex: 11    Spells: 0 memorised, 11 levels left

rFire  + . .     SeeInvis .     I - +1 hand axe (elec)
rCold  . . .     Gourm    .     (armour currently unavailable)
rNeg   + + +     Faith    +     c - +0 shield
rPois  +         Spirit   .     (helmet currently unavailable)
rElec  .         Dismiss  .     (cloak currently unavailable)
rCorr  .         Reflect  .     (gloves currently unavailable)
SustAt .         Harm     .     (boots currently unavailable)
MR     .....     Rnd*Rage +     r - amulet of faith
Stlth  ++........ NoTele   +    o - ring of protection from fire
                                n - ring of stealth

@: tree-form, drained, not resistant to hostile enchantments, unstealthy
A: (retaliatory headbutt), (horns 0), berserk 1
a: Minor Destruction, Renounce Religion


You were on level 8 of the Dungeon.
You worshipped Makhleb.
Makhleb was pleased with you.
You were not hungry.
You were a tree.
You visited 1 branch of the dungeon, and saw 8 of its levels.

You collected 371 gold pieces.
You spent 225 gold pieces at shops.

Inventory:

Hand Weapons
 I - a +1 hand axe of electrocution (weapon)
Armour
 b - a +0 scale mail (melded)
 c - a +0 shield (worn)
 E - a +0 hat (melded)
 G - a +0 cloak (melded)
 J - a +1 pair of boots (melded)
 Q - a +0 pair of gloves
Jewellery
 n - a ring of stealth (left branch)
 o - a ring of protection from fire (right branch)
 r - an amulet of faith (around neck)
 y - an uncursed amulet of dismissal
Wands
 B - a wand of paralysis (12/24)
 H - a wand of slowing (22/48)
 O - a wand of polymorph (11/24)
Scrolls
 d - 3 scrolls of fog {unknown}
 g - 6 scrolls of remove curse {unknown}
 k - a scroll of recharging {unknown}
 l - a scroll of enchant armour {unknown}
 q - 6 scrolls of teleportation
 s - a scroll of random uselessness {unknown}
 t - 2 scrolls of blinking {unknown}
 u - 2 scrolls of noise {unknown}
 K - a scroll of amnesia {unknown}
 L - a scroll of magic mapping {unknown}
 P - a scroll of identify
Potions
 a - a potion of cure mutation {unknown}
 e - a potion of beneficial mutation
 h - a potion of agility {unknown}
 m - a potion of curing
 v - a potion of cancellation {unknown}
 x - a potion of ambrosia {unknown}
 A - a potion of resistance {unknown}
 C - a potion of degeneration {unknown}
 D - a potion of flight
Books
 F - a book of Burglary

   Spells                             Type                      Level
   a - Swiftness                      Charms/Air                   2
   b - Passwall                       Transmutation/Earth          2
   c - Passage of Golubria            Translocation                4
   d - Lee's Rapid Deconstruction     Earth                        5
   e - Darkness                       Hexes                        6
   f - Invisibility                   Hexes                        6
Comestibles
 f - 7 bread rations
 i - a royal jelly
 p - 3 meat rations
 w - a slice of pizza
 z - 2 beef jerkies


   Skills:
 + Level 7.9(7.5) Fighting
 + Level 7.8(7.5) Axes
 + Level 8.4(8.0) Armour
 - Level 0.7(0.4) Dodging
 - Level 7.1(6.8) Shields
 - Level 1.5(1.2) Spellcasting
 + Level 4.3(3.9) Invocations


You had 11 spell levels left.
You didn't know any spells.

Dungeon Overview and Level Annotations

Branches:
Dungeon (8/15)             Temple (0/1) D:6
   Lair: D:8-11

Altars:
Ashenzari
Gozag
Makhleb
Okawaru
Pakellas
Ru
Xom

Shops:
D:6 *

Annotations:
D:8 exclusion: obsidian statue


Innate Abilities, Weirdness & Mutations

((You reflexively headbutt those who attack you in melee.))
((You have a pair of horns on your head.))
You tend to lose your temper in combat.


Message History

The ice devil freezes you!
* * * LOW HITPOINT WARNING * * *
Drink which item? (? for menu, Esc to quit)
You feel better. You block the crimson imp's attack.
The ice devil hits you but does no damage.
Drink which item? (? for menu, Esc to quit)
You turn into a tree.
Your +0 cloak melds into your body.
Your +0 hat melds into your body.
Your +1 pair of boots melds into your body.
Your +0 scale mail melds into your body.
Your roots penetrate the ground.
The crimson imp blinks!
The ice devil hits you but does no damage.
You are too injured to fight recklessly!
You closely miss the crimson imp. You completely miss the ice devil.
The ice devil is lightly wounded.
The crimson imp hits you but does no damage.
The ice devil hits you.
* * * LOW HITPOINT WARNING * * *
The ice devil freezes you!!
You die...

#....... #######. #.
#. #. #.
##################
##(§...............
#.♣4...............
###5########.........
#........# ###.....##
#........# ##...##
#........# #...#
#........# ##.##
#........# #[#
#........# #8#
##........#########


You could see an ice devil and a crimson imp.

Vanquished Creatures
  Pikel (D:4)
  The ghost of Typee the Conjurer, a novice OpCj of Sif Muna (D:5)
  Grinder (D:4)
  The ghost of Rationalist the Shield-Bearer, an amateur FoFi (D:3)
  A hungry ghost (D:6)
  A water moccasin (D:7)
  A sky beast (D:6)
  An orc warrior (D:8)
  2 centaurs
  2 giant frogs
  A scorpion (D:4)
  A water moccasin skeleton (D:5)
  3 wights (D:8)
  2 howler monkeys (D:7)
  A crimson imp (D:5)
  2 hounds
  A centaur zombie (D:5)
  2 orc priests
  2 orc wizards
  A centaur skeleton (D:7)
  A giant frog skeleton (D:6)
  A worker ant (D:4)
  A killer bee zombie (D:7)
  2 hound zombies (D:8)
  A worker ant zombie (D:6)
  3 gnolls (D:4)
  2 howler monkey skeletons
  7 adders
  An ooze (D:4)
  3 adder skeletons
  5 dart slugs
  5 giant geckos
  22 orcs
  A ball python (D:2)
  3 bats
  8 giant cockroaches
  3 goblins
  7 hobgoblins
  2 jackals (D:1)
  10 kobolds
  4 quokkas
  A giant gecko skeleton (D:5)
  2 giant newts
  A quokka skeleton (D:7)
  7 rats
131 creatures vanquished.

Vanquished Creatures (others)
  A slave (D:4)
  A scorpion (D:4)
  An orc (D:4)
3 creatures vanquished.

Grand Total: 134 creatures vanquished

Notes
Turn   | Place    | Note
--------------------------------------------------------------
     0 | D:1      | Inkary the Minotaur Fighter began the quest for the Orb.
     0 | D:1      | Reached XP level 1. HP: 19/19 MP: 0/0
   294 | D:1      | Reached XP level 2. HP: 27/27 MP: 1/1
   467 | D:1      | Reached skill level 4 in Armour
   828 | D:2      | Reached XP level 3. HP: 33/33 MP: 2/2
   874 | D:2      | Found a shimmering altar of Xom.
   930 | D:2      | Found a sacrificial altar of Ru.
  1424 | D:3      | Noticed Rationalist's ghost (amateur FoFi)
  1435 | D:3      | Killed Rationalist's ghost
  1435 | D:3      | Reached skill level 5 in Shields
  1435 | D:3      | Reached XP level 4. HP: 38/41 MP: 3/3
  1435 | D:3      | Reached XP level 5. HP: 44/47 MP: 4/4
  1606 | D:3      | Reached skill level 5 in Armour
  1618 | D:3      | Found an oddly glowing altar of Pakellas.
  1706 | D:3      | Found an opulent altar of Gozag.
  1706 | D:3      | Found a burning altar of Makhleb.
  1707 | D:3      | Found a sacrificial altar of Ru.
  1716 | D:3      | Became a worshipper of Makhleb the Destroyer
  1804 | D:3      | Found a shattered altar of Ashenzari.
  2097 | D:4      | Reached XP level 6. HP: 22/55 MP: 5/5
  2361 | D:4      | Reached skill level 5 in Fighting
  2645 | D:4      | Reached skill level 1 in Invocations
  2759 | D:4      | Noticed a slave
  2761 | D:4      | Noticed a slave
  2762 | D:4      | Noticed Pikel
  2766 | D:4      | Noticed a slave
  2780 | D:4      | Killed Pikel
  2780 | D:4      | Reached skill level 5 in Axes
  2780 | D:4      | Reached skill level 6 in Armour
  2780 | D:4      | Reached XP level 7. HP: 26/62 MP: 5/7
  3017 | D:4      | Reached * piety under Makhleb
  3247 | D:4      | Noticed Grinder
  3260 | D:4      | Killed Grinder
  3260 | D:4      | Reached XP level 8. HP: 47/70 MP: 7/9
  3342 | D:5      | Entered Level 5 of the Dungeon
  3575 | D:5      | Noticed Typee's ghost (novice OpCj)
  3592 | D:5      | Killed Typee's ghost
  3592 | D:5      | Reached skill level 7 in Armour
  4045 | D:6      | Reached ** piety under Makhleb
  4052 | D:6      | Found Jyteossu's Assorted Antiques.
  4060 | D:6      | Bought a smoky green potion for 21 gold pieces
  4060 | D:6      | Bought a scroll labeled MOT INLUUSTY for 24 gold pieces
  4060 | D:6      | Bought a pair of embroidered boots for 108 gold pieces
  4060 | D:6      | Bought a scroll labeled KEULAYREYS for 24 gold pieces
  4060 | D:6      | Bought a scroll labeled YXAICO JIXO for 24 gold pieces
  4060 | D:6      | Bought a scroll labeled IJOCEHISCHU for 24 gold pieces
  4100 | D:6      | Found a staircase to the Ecumenical Temple.
  4236 | D:6      | Reached XP level 9. HP: 79/79 MP: 11/11
  4291 | D:6      | Gained mutation: You tend to lose your temper in combat. [mutagenic meat]
  4859 | D:7      | Reached skill level 8 in Armour
  4937 | D:7      | Reached skill level 1 in Spellcasting
  5076 | D:7      | Found an iron altar of Okawaru.
  5364 | D:8      | Reached *** piety under Makhleb
  5484 | D:8      | Noticed an obsidian statue
  5485 | D:8      | Noticed an ice devil
  5610 | D:8      | Noticed an ice devil
  5625 | D:8      | Noticed a soul eater
  5626 | D:8      | Noticed a red devil
  5890 | D:8      | Noticed a soul eater
  5894 | D:8      | Noticed an ice devil
  5916 | D:8      | HP: 3/81 [ice devil[an obsidian statue] (16)]
  5919 | D:8      | Mangled by an ice devil

Skill      XL: |  1  2  3  4  5  6  7  8  9 |
---------------+----------------------------+-----
Shields        | 4 5 6 7 |  7.1
Armour         | 4 5 6 7 8 |  8.4
Axes           | 3 4 5 7 |  7.8
Fighting       | 4 5 6 7 |  7.9
Invocations    | 2 3 4 |  4.3
Spellcasting   | 1 |  1.5
Dodging        | |  0.7

Action                   |  1- 3 |  4- 6 |  7- 9 || total
-------------------------+-------+-------+-------++-------
Melee: War axe           |    59 |    95 |    61 ||   215
       Headbutt          |    12 |    16 |    42 ||    70
       Hand axe          |       |       |   185 ||   185
Invok: Lesser Servant of |       |       |     4 ||     4
       Minor Destruction |       |       |     2 ||     2
Evoke: Wand              |       |       |     2 ||     2
  Use: Potion            |     1 |       |     7 ||     8
       Scroll            |       |     3 |     3 ||     6
 Stab: Paralysed         |     1 |       |       ||     1
  Eat: Chunk             |     1 |     5 |    12 ||    18
       Fruit             |       |       |     2 ||     2
Armor: Scale mail        |    20 |    21 |    82 ||   123
       Skin              |       |       |    22 ||    22
Dodge: Dodged            |    19 |    23 |    62 ||   104
Block: Shield            |    29 |    56 |   128 ||   213
